 Dungeon Sprint DCSS version 0.31-a0-986-g5e6e4ef867 (webtiles) character file.

Game seed: 8271420970402727833

7 fozzywoppz the Sneak (level 1, 0/9 HPs)
             Began as a Spriggan Enchanter on Nov 14, 2023.
             Slain by a human (7 damage)
             ... in the Dungeon (Sprint III: "The Ten Rune Challenge").
             The game lasted 00:00:45 (70 turns).

fozzywoppz the Sneak (Spriggan Enchanter)             Turns: 70, Time: 00:00:46

Health: 0/9        AC:  2    Str:  4    XL:     1   Next: 91%
Magic:  5/5        EV: 18    Int: 16    God:
Gold:   0          SH:  0    Dex: 15    Spells: 6/6 levels left

rFire   . . .        a - +1 dagger
rCold   . . .        (no shield)
rNeg    . . .        b - +0 robe
rPois   .            (helmet restricted)
rElec   .            (no cloak)
rCorr   .            (gloves unavailable)
SInv    +            (boots unavailable)
Will    .....        (no amulet)
Stlth   +++          (no ring)
HPRegen 0.21/turn    (no ring)
MPRegen 0.09/turn

%: no teleportation
@: very quick
A: very small, no large weapons, unfitting armour, see invisible, speed 3
a: no special abilities


You were in the Dungeon.
You visited 1 branch

Inventory:

Hand Weapons
 a - a +1 dagger (weapon)
Armour
 b - a +0 robe (worn)
Scrolls
 i - a scroll of blinking
 j - a scroll of revelation {unknown}
Potions
 c - 2 potions of invisibility
 d - a potion of curing
 e - a potion of heal wounds
 f - a potion of haste
 g - 2 potions of magic
 h - a potion of berserk rage


   Skills:
 + Level 2.1 Short Blades
 + Level 3.4 Dodging
 + Level 5.1 Stealth
 + Level 3.4 Spellcasting
 + Level 4.1 Hexes


You had 6 spell levels left.
You didn't know any spells.
Your spell library contained the following spells:

 Spells                   Type           Power      Damage    Failure   Level
 Confusing Touch          Hex            16%        N/A       10%         3
 Tukima's Dance           Hex            16%        N/A       10%         3
 Ensorcelled Hibernation  Hex/Ice        18%        N/A       12%         2
 Dazzling Flash           Conj/Hex       18%        N/A       22%         3


Dungeon Overview and Level Annotations

Branches:
Dungeon (1/1)

Altars:


Innate Abilities, Weirdness & Mutations

You are very small and have problems with some larger weapons.
You are too small for most types of armour.
You have supernaturally acute eyesight. (SInv)
You cover ground extremely quickly. (Speed+++)


Message History

Found a dagger.
The helpless endoplasm fails to defend itself.
You puncture the endoplasm!
You kill the endoplasm!
Your Dodging skill increases to level 3!
The helpless rat fails to defend itself.
You impale the rat!!
You kill the rat!
Your Spellcasting skill increases to level 3!
You see here a rat corpse.
Found a scroll labelled EBBYIR WAEBUO.
A rat comes into view.
A rat comes into view.
The helpless rat fails to defend itself.
You impale the rat!!
You kill the rat!
You hit the rat.
You kill the rat!
Your Hexes skill increases to level 4!
j - a scroll labelled EBBYIR WAEBUO A human comes into view.
A phantom comes into view.
The human shouts!
The helpless phantom fails to defend itself.
You impale the phantom!!
You destroy the phantom!
Your Short Blades skill increases to level 2!
Your Stealth skill increases to level 5!
Unknown command.
Okay, then.
You aren't carrying any items that you can evoke.
Okay, then.
Sorry, you're not good enough to have a special ability.
You closely miss the human. The human attacks as it pursues you!
The human completely misses you.
You hit the human but do no damage. The human hits you.
You closely miss the human. The human barely misses you.
You hit the human but do no damage. The human hits you!
Ouch! That really hurt!
You die...

▓▓▓▓▓▓▓▓▓
▓<..#...####
▓...#......##
▓..##.......# ..#
▓##.##.##..†# ..#
##.##.###@.# #..#
▓#.####.##p.# ...+
▓.###..##..####...#
▓#.....##..###....#
###..##...##..p..#
#†.##....#......#
#..###..##.#.....#
#).# #.. ####....#
▓▓▓▓ ▓▓▓ ▓▓▓▓▓▓


You could see a human.

Vanquished Creatures
  A phantom (D)
  An endoplasm (D)
  3 rats (D)
5 creatures vanquished.

Notes
Turn   | Place    | Note
-------+----------+-------------------------------------------
     0 | D        | fozzywoppz the Spriggan Enchanter began the quest for the
                  | Orb.
     0 | D        | Reached XP level 1. HP: 9/9 MP: 5/5
    53 | D        | Reached skill level 5 in Stealth
    70 | D        | Slain by a human

Illustrated notes

Levels and vault maps discovered:
D:        dungeon_sprint_mu [sprint_mu_entry_cave, sprint_mu_temple_rooms,
          sprint_mu_d1_horrors, sprint_mu_d2_genie, sprint_mu_d3_branching,
          sprint_mu_orc_legion, sprint_mu_elf_gauntlet, sprint_mu_hive_nellie,
          sprint_mu_lair_fedhas, sprint_mu_vaults_butterflies,
          sprint_mu_slime_circle, sprint_mu_swamp_cave, sprint_mu_shoals_kraken,
          sprint_mu_blade_basic, sprint_mu_crypt_lich, sprint_mu_tomb_spiral,
          sprint_mu_vestibule_basic, sprint_mu_gehenna_hellfire,
          sprint_mu_dis_giant, sprint_mu_tartarus_statrot,
          sprint_mu_cocytus_islands, sprint_mu_zot1]

Skill      XL: |  1 |
---------------+----+-----
Dodging        | 3 |  3.4
Spellcasting   | 3 |  3.4
Hexes          | 4 |  4.1
Short Blades   | 2 |  2.1
Stealth        | 5 |  5.1

Action                     || total
---------------------------++-------
  Melee: Dagger            ||     9
   Stab: Sleeping          ||     4
 Armour: Robe              ||     2
  Dodge: Dodged            ||     2

Table legend: (Time is in decaauts)
 A = Elapsed time spent in this place.
 B = Non-inter-level travel time spent in this place.
 C = Inter-level travel time spent in this place.
 D = Time resting spent in this place.
 E = Time spent auto-exploring this place.
 F = Levels seen in this place.
 G = Mean time per level.
                   A        B        C        D        E       F      G
               +--------+--------+--------+--------+--------+-----+--------+
         Total |     46 |     46 |      0 |      0 |      0 |   1 |   46.0 |
       Dungeon |     46 |     46 |      0 |      0 |      0 |   1 |   46.0 |
               +--------+--------+--------+--------+--------+-----+--------+

Top non-repeatable levels by time:
       D: 46 daAuts
